Cogmind - Beta 16 @@@ ROGUE MODE // 2025.12.24 @ 23:36:31 Player: MrProgressor Result: Self-destructed Performance ------------- Evolutions (1) 500 Regions Visited (3) 600 Robots Destroyed (10) 50 Value Destroyed (166) 166 Prototype IDs (2) 40 Alien Tech Used (0) 0 Bonus (0) 0 TOTAL SCORE: 1356 Bonus ------- None Cogmind --------- Core Integrity 320/400 Matter 300/300 Energy 265/265 System Corruption 0% Temperature Cool (0) Movement Rolling (85) Ox1 Location -9/Materials Parts ------- > --- POWER (1) -------- Improved Ion Engine > --- PROPULSION (2) --- Wheel > --- UTILITY (4) ------ Small Storage Unit Visual Processing Unit > --- WEAPON (2) ------- Light Assault Rifle Heavy Assault Rifle > --- INVENTORY (8) ---- Light Ion Engine Wheel Wheel Wheel Heat Sink Beam Rifle Grenade Launcher Mining Laser Peak State ------------ > --- POWER ------------ Ion Engine > --- PROPULSION ------- Wheel Compact Wheel > --- UTILITY ---------- Small Storage Unit Visual Processing Unit Improved Terrain Scanner Seismic Detector > --- WEAPON ----------- Assault Rifle Light Assault Rifle > --- INVENTORY -------- Light Ion Engine Wheel Wheel Wheel Grenade Launcher Mining Laser [Rating: 12] Favorites ----------- Power Ion Engine Engine Ion Engine Propulsion Wheel Wheel Wheel Utility Small Storage Unit Device Seismic Detector Storage Small Storage Unit Processor Visual Processing Unit Weapon Assault Rifle Ballistic Gun Assault Rifle Special Weapon Mining Laser Build | -11 -10 -10 -9 ------- Run | Yrd Mat Min Mat Slots Evolved 2 | . . . 2 Power . | . . . . Propulsion . | . . . . Utility 2 | . . . 2 Weapon . | . . . . Parts Attached 13 | 7 . 2 4 Power 2 | 1 . . 1 Engine 2 | 1 . . 1 Core . | . . . . Reactor . | . . . . Propulsion 2 | 2 . . . Treads . | . . . . Leg . | . . . . Wheel 2 | 2 . . . Hover . | . . . . Flight . | . . . . Utility 4 | 2 . 1 1 Device 2 | 1 . 1 . Storage 1 | 1 . . . Processor 1 | . . . 1 Hackware . | . . . . Protection . | . . . . Artifact . | . . . . Weapon 5 | 2 . 1 2 Energy Gun . | . . . . Energy Cannon . | . . . . Ballistic Gun 3 | 1 . 1 1 Ballistic Cannon . | . . . . Launcher . | . . . . Special Weapon 2 | 1 . . 1 Impact Weapon . | . . . . Slashing Weapon . | . . . . Piercing Weapon . | . . . . Special Melee Weapon . | . . . . Unidentified Prototypes . | . . . . Parts Lost 3 | . . . 3 Power . | . . . . Propulsion 1 | . . . 1 Utility 2 | . . . 2 Weapon . | . . . . Highest Loss Streak 3 | . . . 3 To Critical Strikes . | . . . . Average Backups 7 | 4 7 8 7 Power 1 | 1 1 1 1 Propulsion 3 | 2 3 3 3 Utility 1 | . 1 2 . Weapon 1 | . 1 2 2 Tool/Special . | . . . . Unused Backups 12 | 4 1 . 7 Power 2 | 1 . . 1 Propulsion 6 | 2 1 . 3 Utility 1 | . . . 1 Weapon 3 | 1 . . 2 Tool/Special . | . . . . Average Slot Usage (%) 97 | . 100 100 81 Engine 13 | . 14 14 11 Wheel 26 | . 28 28 16 Device 13 | . 14 14 10 Storage 13 | . 14 14 11 Processor 1 | . . . 11 Ballistic Gun 18 | . 14 19 22 Special Weapon 8 | . 14 8 . Peak Build Rating 12 | 7 8 9 12 Average Rating 8 | 5 7 8 10 On Entrance 6 | . 7 8 9 Avg Prop Armor Cover (%) . | . . . . Naked Turns . | . . . . Heaviest Build 16 | 14 14 14 16 Greatest Support 26 | 26 26 26 26 Greatest Overweight (x) 1 | . . . 1 Average Overweight (x) . | . . . . Largest Inventory Capacity 8 | 8 8 8 8 Average Capacity 7 | 7 8 8 8 Most Carried 8 | 8 8 8 8 Average Carried 7 | 5 7 8 6 Final Capacity 8 | 8 8 8 8 Final Carried 8 | 7 8 8 8 Class Distribution -------------------- 86% | Mutant 13% | Scavenger-Mutant Dominant Class ---------------- Mutant | -10/Materials Mutant | -10/Mines Scavenger-Mutant | -9/Materials Resources | -11 -10 -10 -9 ----------- Run | Yrd Mat Min Mat Matter Collected 432 | 297 12 25 98 Remotely . | . . . . Salvage Created 263 | 108 18 33 104 Parts 25 | 12 3 5 5 Haulers Intercepted . | . . . . Recyclers Shooed . | . . . . Parts Field Recycled . | . . . . Retrieved Matter . | . . . . Parts Self-Destructed . | . . . . Prevented . | . . . . Parts Restored . | . . . . Kills | -11 -10 -10 -9 ------- Run | Yrd Mat Min Mat Combat Hostiles Destroyed 5 | . . 3 2 Guns 4 | . . 2 2 Cannons 1 | . . 1 . Classes Destroyed 5 | 1 1 1 2 Tunneler 4 | 4 . . . Watcher 1 | . 1 . . Swarmer 3 | . . 3 . Grunt 1 | . . . 1 Sentry 1 | . . . 1 Best Kill Streak 3 | 2 1 3 2 Combat Bots Only 3 | . . 3 2 Max Kills in Single Turn 1 | 1 1 1 1 Gunslinging . | . . . . Exploded . | . . . . Melee . | . . . . Uniques/NPCs Destroyed . | . . . . Combat | -11 -10 -10 -9 -------- Run | Yrd Mat Min Mat Hostile Shots Fired 49 | . 2 19 28 Missed 10 | . 1 3 6 Hits 39 | . 1 16 22 Projectile 39 | . 1 16 22 Critical Strikes 1 | . . . 1 Damage Taken 437 | . 8 138 291 Core 119 | . . 39 80 Absorbed by Shields . | . . . . Core Remaining (%) 92 | 100 . 84 . Volleys Fired 46 | 9 4 22 11 Largest 2 | 2 2 2 2 Hottest 120 | 120 120 120 120 Shots Fired 64 | 10 5 27 22 Gun 39 | 9 4 5 21 Cannon . | . . . . Launcher . | . . . . Special 25 | 1 1 22 1 Kinetic 39 | 9 4 5 21 Thermal 25 | 1 1 22 1 Explosive . | . . . . Electromagnetic . | . . . . Robot Hit Streak 8 | 3 3 4 8 Robot Miss Streak 3 | 2 2 1 3 Penetration Max . | . . . . Secondary Targets . | . . . . Shots Hit Robots 31 | 6 3 6 16 Core Hits 12 | 4 1 3 4 Critical Kills . | . . . . Critical Parts Destroyed 1 | . . . 1 Critical Strikes 1 | . . . 1 Destroy 1 | . . . 1 Melee Attacks . | . . . . Impact . | . . . . Slashing . | . . . . Piercing . | . . . . Sneak Attacks . | . . . . Combat Hostiles . | . . . . Follow-up Attacks . | . . . . Damage Inflicted 428 | 72 40 140 176 Guns 350 | 72 40 62 176 Cannons . | . . . . Explosions . | . . . . Melee . | . . . . Ramming . | . . . . Kinetic 350 | 72 40 62 176 Thermal 78 | . . 78 . Explosive . | . . . . Electromagnetic . | . . . . Impact . | . . . . Slashing . | . . . . Piercing . | . . . . Highest Corruption . | . . . . Average Corruption . | . . . . Corruption Purged . | . . . . Corruption Blocked . | . . . . Overload Shots . | . . . . Overflow Damage 6 | . . 6 . Projectiles 6 | . . 6 . Explosions . | . . . . Melee . | . . . . Knockbacks . | . . . . Impact . | . . . . Kinetic . | . . . . Secondary . | . . . . Self-Inflicted Damage . | . . . . Shots . | . . . . Rammed . | . . . . Targets Rammed . | . . . . Kicked . | . . . . Crushed . | . . . . Highest Temperature 160 | 20 20 160 39 Average Temperature 49 | 12 12 59 13 Received Heat Transfer 138 | . . . 138 Siege Activations . | . . . . Martial Activations . | . . . . Shielding Activations . | . . . . Robots Disrupted . | . . . . Combat Hostiles . | . . . . Robots Corrupted . | . . . . Combat Hostiles . | . . . . Parts Fried . | . . . . Impact Corruptions . | . . . . Robots Melted . | . . . . Combat Hostiles . | . . . . Parts Melted . | . . . . Heat Transferred 150 | . . 150 . Parts Sabotaged . | . . . . Parts Stolen . | . . . . Parts Stripped . | . . . . Power Chain Reactions . | . . . . Alert | -11 -10 -10 -9 ------- Run | Yrd Mat Min Mat Maximum Alert Level . | . . . . Low Security (%) 100 | 100 100 100 100 Level 1 . | . . . . Level 2 . | . . . . Level 3 . | . . . . Level 4 . | . . . . Level 5 . | . . . . High Security . | . . . . Max Security . | . . . . Peak Influence 91 | 10 30 91 40 Initial 2 | . . 2 . Average 11 | 1 3 17 11 Influence Increases 269 | 20 54 102 93 Destroy 0b10 Robot/C 100 | . . 60 40 Destroy 0b10 Robot/NC 25 | 20 5 . . Destroy Leader 32 | . 2 10 20 Successful Hack 19 | . 17 . 2 Destroy Structure 3 | . . 2 1 Lose Combat Pursuer 90 | . 30 30 30 Influence Decreases 269 | 20 47 109 93 Entered New Map 5 | . . 5 . Time Decay 234 | 20 47 104 63 Lost Part 30 | . . . 30 Squads Dispatched 1 | . 1 . . Investigation 1 | . 1 . . Extermination . | . . . . Reinforcement . | . . . . Assault . | . . . . Garrison . | . . . . Intercept . | . . . . Searches Triggered . | . . . . Construction Impeded . | . . . . Haulers Reinforced . | . . . . Active Scanning Responses . | . . . . Cargo Convoy Interrupts . | . . . . Stealth | -11 -10 -10 -9 --------- Run | Yrd Mat Min Mat Distress Signals 2 | . 1 . 1 Communications Jammed . | . . . . Distress Signals . | . . . . Times Spotted 16 | . 7 3 6 Peak Tracking Total 4 | . 4 3 4 Tactical Retreats 4 | . 1 1 2 Traps | -11 -10 -10 -9 ------- Run | Yrd Mat Min Mat Traps Triggered . | . . . . Indirectly . | . . . . Trap Hack Attempts . | . . . . Triggered . | . . . . Disarmed . | . . . . Reprogrammed . | . . . . Reused . | . . . . Traps Extracted . | . . . . Installed . | . . . . Triggered . | . . . . Machines | -11 -10 -10 -9 ---------- Run | Yrd Mat Min Mat Machines Disabled . | . . . . Max in Single Turn . | . . . . Machines Repaired . | . . . . Machines Dismantled . | . . . . Machines Sabotaged . | . . . . Overloaded Fab Kills . | . . . . Hacking | -11 -10 -10 -9 --------- Run | Yrd Mat Min Mat Machines Accessed 5 | . 4 . 1 Terminals 3 | . 3 . . Fabricators . | . . . . Repair Stations . | . . . . Recycling Units 1 | . 1 . . Scanalyzers 1 | . . . 1 Garrison Access . | . . . . Total Hacks 16 | . 14 . 2 Successful 9 | . 7 . 2 Failed 7 | . 7 . . Catastrophic . | . . . . Database Lockouts . | . . . . Manual 7 | . 7 . . Terminals 12 | . 12 . . Fabricators . | . . . . Repair Stations . | . . . . Recycling Units 2 | . 2 . . Scanalyzers 2 | . . . 2 Garrison Access . | . . . . Terminal Hacks 5 | . 5 . . Robot Analysis 4 | . 4 . . Prototype ID Bank 1 | . 1 . . Fabricator Hacks . | . . . . Repair Station Hacks . | . . . . Recycling Unit Hacks 1 | . 1 . . Report Inventory 1 | . 1 . . Scanalyzer 2 | . . . 2 Retrieve Study 2 | . . . 2 Garrison Access Hacks . | . . . . Unauthorized Hacks 1 | . 1 . . Terminals . | . . . . Fabricators . | . . . . Repair Stations . | . . . . Recycling Units 1 | . 1 . . Recyclers 1 | . 1 . . Scanalyzers . | . . . . Garrison Access . | . . . . Data Cores Recovered . | . . . . Used . | . . . . Hacking Detections 4 | . 3 . 1 Full Trace Events 1 | . 1 . . Feedback Events . | . . . . Feedback Blocked . | . . . . Robot Schematics Acquired . | . . . . Robots Built . | . . . . Authchips . | . . . . Time . | . . . . Total Robot Build Rating . | . . . . Part Schematics Acquired . | . . . . Parts Built . | . . . . Authchips . | . . . . Time . | . . . . Total Part Build Rating . | . . . . Part Studies Acquired 2 | . . . 2 Parts Repaired . | . . . . Time . | . . . . Parts Recycled . | . . . . Recycled Matter . | . . . . Retrieved Matter . | . . . . Retrieved Components . | . . . . Parts Scanalyzed . | . . . . Part Schematics Acquired . | . . . . Parts Damaged . | . . . . Bothacking | -11 -10 -10 -9 ------------ Run | Yrd Mat Min Mat Used RIF Installer . | . . . . Robots Hacked . | . . . . Non-combat . | . . . . Combat . | . . . . Robot Hacks Applied . | . . . . Relay Couplers Released . | . . . . Fabnet Peak Effective % . | . . . . Robots Rewired . | . . . . Allies Hacked . | . . . . Hacks Repelled . | . . . . Allies | -11 -10 -10 -9 -------- Run | Yrd Mat Min Mat Total Allies . | . . . . Largest Group . | . . . . Highest-Rated Group . | . . . . Highest-Rated Ally . | . . . . Total Orders . | . . . . Ally Attacks . | . . . . Total Damage . | . . . . Kills . | . . . . Allies Corrupted . | . . . . Allies Melted . | . . . . Intel | -11 -10 -10 -9 ------- Run | Yrd Mat Min Mat Active Infowar (turns) 1067 | 62 250 595 160 Optics 160 | . . . 160 Terrain 297 | . . 223 74 Seismic 755 | 62 250 372 71 Robot Analysis Total 4 | . 4 . . Derelict Logs Recovered 1 | . . 1 . Drone Launches . | . . . . Drone Recoveries . | . . . . Exploration | -11 -10 -10 -9 ------------- Run | Yrd Mat Min Mat Turns Passed 1166 | 161 250 595 160 Spaces Moved 787 | 126 254 347 60 Core 2 | 2 . . . Treads . | . . . . Legs . | . . . . Wheels 785 | 124 254 347 60 Hover . | . . . . Flight . | . . . . Fastest Speed 50 | 50 90 90 80 Average Speed 89 | 89 90 90 86 Slowest Speed 100 | 100 90 90 90 Overloaded Moves . | . . . . Propulsion Burnouts . | . . . . Robots Hopped . | . . . . Potential Cave-ins . | . . . . Cave-ins Triggered . | . . . . Exploration Rate (%) 29 | 5 41 64 7 Regions Visited 3 Branch Regions 1 Pre-discovered Areas 1 | . . 1 . Known Exits Taken . | . . . . Unknown Exits Taken 3 | 1 1 1 . Scrap Searched 1 | . . 1 . Spaces Dug 6 | . . 5 1 Terrain Destroyed 10 | 1 . 8 1 Melee . | . . . . Projectile 10 | 1 . 8 1 AOE . | . . . . Terrain Rammed . | . . . . Walls Destroyed . | . . . . Machines Disabled . | . . . . Actions | -11 -10 -10 -9 --------- Run | Yrd Mat Min Mat Total 1132 | 160 268 558 146 Wait 264 | 4 8 187 65 Move 784 | 125 253 346 60 Hop . | . . . . Pick Up 15 | 11 2 . 2 Fast Attach 8 | 7 . 1 . Attach 2 | . . . 2 Detach . | . . . . Swap 5 | . . 1 4 Drop 8 | 4 1 1 2 Fire 46 | 9 4 22 11 Melee . | . . . . Ram . | . . . . Kick . | . . . . Crush . | . . . . Escape Stasis . | . . . . Rewire . | . . . . Trap . | . . . . Miscellaneous . | . . . . Route ------- -11/Scrapyard -10/Materials (discovered 2 exits: *Mat / [*Min]) -10/Mines -9/Materials History --------- Turn | Location | Event 32 | -11/Scrapyard | Discovered new exit (range 14) 162 | -11/Scrapyard | Entered Materials 317 | -10/Materials | Build established: Mutant 333 | -10/Materials | Discovered new exit (range 13) 378 | -10/Materials | Discovered new exit (range 15) 412 | -10/Materials | Entered Mines 426 | -10/Mines | Met a Derelict bent on vengeance 530 | -10/Mines | Learned location of Zion (-6) 999 | -10/Mines | Discovered new exit (range 5) 1007 | -10/Mines | Entered Materials 1007 | -9/Materials | Evolved 2 slots: Utility x2 1112 | -9/Materials | Lost 3 parts (1n2u) 1167 | -9/Materials | Self-destructed Last Messages --------------- -10 time/move 01064_ Critical hit (Burn: +37). 01075_ G-47 Trooper destroyed. 01076_ Com. Wheel+ destroyed. 01079_ Seismic Detector destroyed. 01080_ Y-45 Defender destroyed. 01081_ Imp. Terrain Scanner destroyed. 01083_ G-34 Mercenary suffers critical hit (Destroy). 01083_ Destroyed Sml. Laser. 01087_ Acquired Beam Rifle. 01089_ Acquired Heat Sink. 01091_ Dropped Ion Engine. 01092_ Acquired 55 matter. 01093_ Acquired 33 matter. 01095_ Dropped Assault Rifle. 01096_ K-01 Serf collects debris. 01096_ Acquired 10 matter. 01099_ K-01 Serf collects debris. 01103_ R-06 Scavenger collects Aluminum Leg. 01103_ K-01 Serf collects debris. Map ----- +----------------------------------------------------+ | ?????????????????????????????????????????????????? | | ?????????????????????????????????????????????????? | | ?????????????? ??????????????????? ? ?????#??????? | | ??????????? ???????? ????????????????????????? | | ?????????? ????????????????????????????????#? | | ?????????? ? ??????????????????????????????? | | ?????????? ???????????????????????????????? | | ????????? ?????????????????#?????#???????? | | ????????? ??????????#??????????#####????? | | ????????? ????????????????????# #????? | | ????????? ?????#??????????#???# #????? | | ???????? ???????????????????# #????? | | ???????? #################### #????? | | ??????? #????? | | ??????? #????? | | ??????? #????? | | ???????????????#+######+######+##############????? | | ????????????????????#g ## =[ #????#?????#???? | | ????????????????????# """#" *% #???#??????????? | | ????????????????????# """## "" #??????????????? | | ????????????????????#g """## """#??????#???????? | | ????????????????????# g ## S"##??#???#??????? | | ???????????????? ???# """## #??????????????? | | ????????????????#???# """#########??????????????? | | ????????????????????# """#???????#???#??#???????? | | ????????????????????# @#??????????????????????? | | ????????????????????# #???????????#??????????# | | ????????????????????# #?????#????????????????? | | ????????????????????# #???????????#??????????? | | ????????????????????#######??????????????????????? | | ???????????????????????????????????#??#??????????? | | ????????????????????????#????????????????????????? | | ???????????????????????????????#?????????????????? | | ????????????????????????????#????????????????????? | | ?????????????????????????????????????????????????? | | ?????????????????????????????????????????????????? | | ?????????????????????????????????????????????????? | | ?????????????????????????????????????????????????? | | ?????????????????????????????????????????????????? | | ?????????????????????????????????????????????????? | | ?????????????????????????????????????????????????? | | ?????????????????????????????????????????????????? | | ?????????????????????????????????????????????????? | | ?????????????????????????????????????????????????? | | ?????????????????????????????????????????????????? | | ?????????????????????????????????????????????????? | | ?????????????????????????????????????????????????? | | ?????????????????????????????????????????????????? | | ?????????????????????????????????????????????????? | | ?????????????????????????????????????????????????? | +----------------------------------------------------+ Best States ------------- Heat Dissipation 28 Energy Generation 12 Energy Capacity 265 Matter Stores 300 Matter Capacity 300 Sight Range 18 Terrain Scan Range 16 Terrain Scan Density 10 Evasion (%) 44 Item Schematics ----------------- None Robot Schematics ------------------ None Fabricated ------------ Nothing Repaired ---------- Nothing Studied --------- Com. Wheel | -9/Materials | Hacked Wheel | -9/Materials | Hacked Alien Tech Used ----------------- None Achievements -------------- None Challenges ------------ None Game ------ Seed LongswordTractorProtomatter Manual? 0 Play Time 00:17:12 Cumulative 249.8 hours Start 2025.12.24 @ 23:19:00 End 2025.12.24 @ 23:36:31 Sessions 1 Manual Loads 0 Difficulty Rogue Special Mode None Game No. 81 Rogue 81 Adventurer 0 Explorer 0 Win Type - Total 2 Types 2/0/0/0/0/0/0/0/0/0 Lore% 53 Gallery% 60 Achievement% 40 Wizard Run 0 Options --------- Layout 0 ASCII 0 Keyboard 0 Movement Numpad Keybinds 1 Fullscreen 2 Font 18/X11 Map View 76x50 Zoom Use 0% Tactical HUD 1 Map Filters NONE Filters NONE Steam 1 RUN: 03a1e456-4adb-44fc-85dc-705eb46fdd62